AoeStats
← joosephy

Black Forest

507733825Analyzed
4v4 RM · 14d ago on Sep 19, 2026· 43m 48s· 8 players
Game mode
Random Map
Map size
Large (8 player)
Population
200
Speed
Normal
Resources
Standard
Victory
Conquest
Starting age
Dark Age
Ending age
Imperial Age
RankedLock teamsTeams togetherTeam positionsShared explorationLock speedFull tech treeHidden civsTurbo modeCheats
Victory
Defeat
🇲🇦 Malay · Morocco
1609
+14
🇨🇳 Khmer · China
1573
+15
🇺🇦 Inca · Ukraine
1557
+16
🇺🇦 Mongols · Ukraine
1547
+16
🇬🇧 Magyars · United Kingdom
1659
-20
🇹🇼 Khmer · Taiwan
1577
-16
🇨🇳 Mongols · China
1503
-13
1476
-12
Sasha_Kive
7:10 Loom
9:18 Feudal Age
11:58 Champi Runner
12:55 Fletching
15:00 Scale Mail Armor
17:21 Arson
26:19 Castle Age
24:18 Double-Bit Axe
25:09 Gold Mining
25:00 Horse Collar
27:25 Bodkin Arrow
28:57 Wheelbarrow
29:15 Wheelbarrow
28:27 Crossbowman
32:49 Bow Saw
34:16 Padded Archer Armor
36:25 Hand Cart
36:51 Town Watch
42:13 Imperial Age
41:06 Thumb Ring
43:00 Bracer
44:03 Chemistry
44:10 Leather Archer Armor
44:17 Ballistics
44:59 Gold Shaft Mining
Vanchella
12:38 Feudal Age
16:20 Castle Age
14:59 Double-Bit Axe
14:56 Horse Collar
15:57 Loom
17:45 Scale Barding Armor
17:51 Forging
24:25 Wheelbarrow
27:29 Forging
27:52 Hand Cart
28:12 Gold Mining
28:52 Bloodlines
28:42 Husbandry
30:17 Chain Barding Armor
34:37 Imperial Age
33:36 Fletching
33:48 Heavy Plow
34:14 Bodkin Arrow
35:11 Elite Mangudai
36:12 Conscription
36:01 Bracer
36:23 Ballistics
37:09 Chemistry
38:12 Padded Archer Armor
39:48 Siege Engineers
40:22 Hoardings
40:15 Leather Archer Armor
40:00 Scale Mail Armor
41:23 Coinage
41:50 Caravan
42:52 Thumb Ring
43:13 Parthian Tactics
44:26 Drill
43:36 Capped Ram
44:04 Town Watch
Youssef
7:14 Loom
12:09 Feudal Age
12:39 Double-Bit Axe
15:29 Castle Age
14:00 Horse Collar
15:36 Bow Saw
22:11 Gold Mining
24:20 Wheelbarrow
25:29 Hand Cart
28:46 Imperial Age
26:41 Town Watch
27:32 Gold Shaft Mining
27:05 Scale Barding Armor
27:59 Forging
28:08 Husbandry
28:15 Elite Battle Elephant
29:51 Iron Casting
30:44 Devotion
34:26 Blast Furnace
42:49 Chemistry
雾枝
8:01 Feudal Age
15:32 Fletching
15:28 Loom
22:27 Castle Age
20:40 Double-Bit Axe
23:04 Horse Collar
24:04 Wheelbarrow
23:42 Bow Saw
27:15 Gold Mining
29:07 Heavy Plow
33:08 Imperial Age
30:53 Stone Mining
31:40 Gold Shaft Mining
31:38 Scale Barding Armor
32:12 Bloodlines
32:03 Husbandry
32:17 Forging
34:15 Chain Barding Armor
34:32 Iron Casting
35:34 Plate Barding Armor
36:37 Blast Furnace
36:05 Tusk Swords
35:52 Elite Battle Elephant
Gene_Parmesan__
8:20 Loom
11:12 Feudal Age
12:18 Double-Bit Axe
14:58 Castle Age
12:40 Horse Collar
15:48 Heavy Plow
15:59 Bow Saw
20:43 Wheelbarrow
20:00 Town Watch
21:57 Gold Mining
21:57 Stone Mining
24:24 Gold Shaft Mining
26:34 Hand Cart
30:18 Imperial Age
28:26 Scale Barding Armor
28:47 Bloodlines
28:37 Husbandry
29:38 Chain Barding Armor
30:20 Onager
30:21 Cavalier
31:37 Plate Barding Armor
32:20 Conscription
32:08 Paladin
33:34 Scale Mail Armor
33:25 Fletching
34:36 Capped Ram
36:02 Hoardings
37:18 Bodkin Arrow
37:45 Ballistics
38:26 Chemistry
37:27 Recurve Bow
40:15 Coinage
41:04 Bracer
40:55 Light Cavalry
41:37 Corvinian Army
42:13 Hussar
44:15 Two-Man Saw
43:40 Caravan
joosephy
6:41 Loom
8:51 Feudal Age
11:12 Town Watch
13:09 Fletching
20:30 Wheelbarrow
24:13 Castle Age
22:57 Gold Mining
25:11 Bodkin Arrow
24:48 Crossbowman
27:44 Ballistics
28:32 Padded Archer Armor
归来仍只会种田
0:50 Loom
10:14 Feudal Age
10:42 Double-Bit Axe
12:43 Stone Mining
16:45 Town Watch
20:40 Forging
20:39 Horse Collar
23:04 Castle Age
21:57 Horse Collar
24:10 Gold Mining
24:43 Bow Saw
29:17 Imperial Age
29:23 Imperial Age
29:07 Wheelbarrow
28:44 Treadmill Crane
31:10 Chemistry
31:43 Conscription
32:14 Stone Shaft Mining
32:16 Heavy Plow
32:26 Fletching
33:40 Ballistics
35:48 Hand Cart
35:53 Bodkin Arrow
36:09 Padded Archer Armor
38:02 Bracer
38:17 Leather Archer Armor
38:24 Ballistics
42:02 Ring Archer Armor
43:19 Thumb Ring
2067
9:32 Feudal Age
11:31 Double-Bit Axe
11:29 Horse Collar
14:41 Wheelbarrow
18:47 Castle Age
17:38 Stone Mining
17:39 Gold Mining
17:46 Gold Mining
18:43 Loom
20:32 Bow Saw
20:07 Light Cavalry
22:48 Husbandry
24:04 Scale Barding Armor
26:04 Bloodlines
27:55 Forging
28:32 Heavy Plow
29:23 Chain Barding Armor
29:49 Hand Cart
29:20 Town Watch
29:54 Devotion
31:44 Iron Casting
32:02 Gold Shaft Mining
38:03 Imperial Age
35:45 Fletching
36:26 Padded Archer Armor
36:22 Bodkin Arrow
37:27 Leather Archer Armor
38:06 Ballistics
38:46 Bracer
39:47 Chemistry
38:08 Elite Mangudai
39:09 Conscription
40:04 Blast Furnace
39:40 Thumb Ring
40:02 Parthian Tactics
41:12 Hoardings
Connection lost

Rejoining the realm…

Still unreachable

The connection could not be restored.

Session expired

The server has moved on; the page needs a fresh start.